 Dungeon Crawl Stone Soup version 0.20.0-1-g1cb1d84 (webtiles) character file.

170 Monsterracer the Slasher (level 5, -3/41 HPs)
             Began as a Formicid Abyssal Knight on May 27, 2017.
             Was a Believer of Lugonu.
             Slain by an orc
             ... wielding a +0 flail
              (6 damage)
             ... on level 6 of the Dungeon.
             The game lasted 00:05:04 (2939 turns).

Monsterracer the Slasher (Formicid Abyssal Knight)  Turns: 2939, Time: 00:05:04

Health: -3/41      AC:  4    Str: 17    XL:     5   Next: 80%
Magic:  6/6        EV: 11    Int: 11    God:    Lugonu [**....]
Gold:   154        SH:  0    Dex: 11    Spells: 2/4 levels left

rFire    . . .     SeeInvis +   a - +1 falchion
rCold    . . .     Gourm    .   (no shield)
rNeg     . . .     Faith    .   b - +0 leather armour
rPois    .         Spirit   .   (helmet unavailable)
rElec    .         Reflect  .   (no cloak)
rCorr    .         Harm     .   e - +0 pair of gloves
MR       .....                  (no boots)
Stlth    +.........             (no amulet)
Regen    0.2/turn               j - ring of teleportation (curse)
MPRegen  0.1/turn               (no ring)

@: lethally poisoned (-3 -> -4)
A: permanent stasis, dig shafts and tunnels, four strong arms, antennae 3
a: Dig, Shaft Self, Depart the Abyss, Bend Space, Renounce Religion


You were on level 6 of the Dungeon.
You worshipped Lugonu.
Lugonu was pleased with you.
You were hungry.

You visited 1 branch of the dungeon, and saw 4 of its levels.
You visited the Abyss 1 time.

You collected 154 gold pieces.

Inventory:

Hand Weapons
 a - a +1 falchion (weapon)
Armour
 b - a +0 leather armour (worn)
 e - a +0 pair of gloves (worn)
Jewellery
 j - a cursed ring of teleportation (left hand)
Scrolls
 g - a scroll of identify {unknown}
 h - a scroll of remove curse {unknown}
 i - a scroll of random uselessness {unknown}
Comestibles
 c - a bread ration
 d - 2 royal jellies
 f - 4 fruits


   Skills:
 - Level 3.2 Fighting
 + Level 5.5 Long Blades
 - Level 2.1 Armour
 - Level 0.8 Dodging
 - Level 2.1 Invocations


You had 2 spell levels left.
You knew the following spells:

 Your Spells              Type           Power        Failure   Level  Hunger
a - Apportation           Tloc           #.....       38%         1    ##.....
b - Summon Small Mammal   Summ           #...         38%         1    ##.....


Dungeon Overview and Level Annotations

Branches:
Dungeon (3/15)

Altars:

Annotations:
D:3 Monsterracer's ghost, amateur FoAK


Innate Abilities, Weirdness & Mutations

You cannot be hasted, slowed, berserked, paralysed or teleported.
You can dig through walls and to a lower floor.
Your four strong arms can wield two-handed weapons with a shield.
You have a pair of large antennae on your head. (SInv)


Message History

Lugonu accepts your kill.
You hit the jackal.
You kill the jackal!
Lugonu accepts your kill.
Found a stone staircase leading down.
You see here a helmet.
You feel sick.
You closely miss the orc. The orc hits you with a flail.
* * * LOW HITPOINT WARNING * * *
You barely miss the orc.
You feel sick.
You hit the orc but do no damage. You slash the orc!
You kill the orc!
Lugonu accepts your kill.
An orc comes into view.
The orc shouts!
You hit the orc.
The orc is moderately wounded.
The orc hits you with a flail.
You die...

>.. .. ..
.### ...##
#...# #.#.#
#@#.# #o#.#
#†#.# .
#...# #..
##o.####...o
#.o#.......
#.....{..#
#......###
#..#....>.#


You could see 3 orcs.

Vanquished Creatures
  A hound (D:3)
  An orc wizard (D:3)
  5 adders (D:2)
  2 oozes (D:2)
  A worm (D:3)
  A dart slug (D:1)
  2 leopard geckos (D:1)
  3 orcs
  A ball python (D:1)
  11 bats
  3 giant cockroaches
  2 goblins (D:2)
  4 hobgoblins (D:1)
  3 jackals
  5 kobolds
  6 rats
51 creatures vanquished.

Notes
Turn   | Place    | Note
-------+----------+-------------------------------------------
     0 | Abyss:1  | Monsterracer the Formicid Abyssal Knight began the quest for the Orb.
     0 | Abyss:1  | Reached XP level 1. HP: 18/18 MP: 2/2
     4 | Abyss:1  | Found a sacrificial altar of Ru.
    17 | D:1      | Escaped the Abyss
   307 | D:1      | Reached XP level 2. HP: 20/24 MP: 3/3
   710 | D:1      | Reached skill level 3 in Long Blades
  1020 | D:1      | Reached XP level 3. HP: 26/29 MP: 4/4
  1548 | D:2      | Reached ** piety under Lugonu
  1676 | D:2      | Reached skill level 4 in Long Blades
  1676 | D:2      | Reached XP level 4. HP: 29/35 MP: 5/5
  2302 | D:2      | Learned a level 1 spell: Apportation
  2304 | D:2      | Learned a level 1 spell: Summon Small Mammal
  2561 | D:3      | Reached skill level 5 in Long Blades
  2561 | D:3      | Reached XP level 5. HP: 35/41 MP: 6/6
  2794 | D:3      | Noticed Monsterracer's ghost (amateur FoAK)
  2920 | D:3      | You fall through a shaft for 3 floors!
  2936 | D:6      | HP: 2/41 [poisoned by a scorpion]
  2939 | D:6      | Slain by an orc

Skill      XL: |  1  2  3  4 |
---------------+-------------+-----
Long Blades    | 3 4 5 |  5.5
Fighting       | |  3.2
Armour         | |  2.1
Dodging        | |  0.8
Invocations    | |  2.1

Action                   |  1- 3 |  4- 6 || total
-------------------------+-------+-------++-------
Melee: Falchion          |    93 |    84 ||   177
Invok: Bend Space        |       |     1 ||     1
 Abil: Shaft Self        |       |     1 ||     1
  Use: Potion            |     3 |       ||     3
  Eat: Chunk             |     2 |     4 ||     6
Armor: Leather armour    |    32 |    24 ||    56
Dodge: Dodged            |    70 |    52 ||   122
       Rpst.: Falchion   |    22 |    20 ||    42
